 Dungeon Crawl Stone Soup version 0.17.2-1-ge4368a0 (webtiles) character file.

487 ololoev the Chopper (level 6, -2/49 HPs)
             Began as a Demonspawn Fighter on Oct 25, 2016.
             Slain by an iguana (3 damage)
             ... on level 7 of the Dungeon.
             The game lasted 00:04:57 (330 turns).

ololoev the Chopper (Demonspawn Fighter)             Turns: 330, Time: 00:04:58

Health: -2/49      AC:  7    Str: 18    XL:     6   Next: 89%
Magic:  6/6        EV:  7    Int:  9    God:
Gold:   52         SH:  9    Dex: 13    Spells: 0 memorised, 5 levels left

rFire  . . .     SeeInvis .     a - +0 war axe
rCold  . . .     Clarity  .     b - +0 scale mail
rNeg   . . .     SustAt   .     c - +0 shield
rPois  .         Gourm    .     (no helmet)
rElec  .         Spirit   .     (no cloak)
rCorr  .         Warding  .     (no gloves)
rMut   .         Rnd*Tele +     (no boots)
MR     .....                    (no amulet)
Stlth  ..........               (no ring)
                                g - ring of teleportation (curse)

@: not resistant to hostile enchantments, extremely unstealthy
A: hooves 1, powered by death 2, powered by pain 1
a: Evoke Teleportation


Innate Abilities, Weirdness & Mutations

You have large cloven feet.
You regenerate health from kills.
You sometimes gain a little power by taking damage.

Inventory:

Hand Weapons
 a - a +0 war axe (weapon)
Armour
 b - a +0 scale mail (worn)
 c - a +0 shield (worn)
Jewellery
 g - a cursed ring of teleportation (left hand)
Scrolls
 f - a scroll of enchant armour {unknown}
Potions
 d - 2 potions of poison {unknown}
Comestibles
 e - a bread ration
 h - 2 chunks of flesh


   Skills:
 + Level 4.6 Fighting
 * Level 5.0 Axes
 + Level 4.2 Armour
 - Level 2.6 Shields


You had 5 spell levels left.
You didn't know any spells.


You were on level 7 of the Dungeon.
You were not hungry.

You visited 1 branch of the dungeon, and saw 7 of its levels.

You collected 52 gold pieces.

##...## ##.....##
###.<.....##.#
.......... .#
#....... .# #.....
.# #####..O### .#
.[.?..l@..##.#####.
.......##..........
####### #..<######
#...# #......
#.#...### ###...#
..... ##.###

Notes
Turn   | Place    | Note
--------------------------------------------------------------
     0 | D:1      | ololoev the Demonspawn Fighter began the quest for the Orb.
     0 | D:1      | Reached XP level 1. HP: 18/18 MP: 1/1
    10 | D:2      | Found a shimmering altar of Xom.
    10 | D:2      | Noticed an angel
    11 | D:2      | Found a glowing silver altar of Zin.
    39 | D:3      | Noticed a hound
    46 | D:3      | Killed a hound
    46 | D:3      | Gained mutation: You have large cloven feet. [demonic ancestry]
    46 | D:3      | Reached XP level 2. HP: 17/24 MP: 2/2
    46 | D:3      | Gained mutation: You regenerate a little health from kills. [demonic ancestry]
    46 | D:3      | Reached XP level 3. HP: 20/29 MP: 3/3
    58 | D:3      | Found a basalt altar of Yredelemnul.
    82 | D:4      | Noticed an ogre
    88 | D:4      | Killed an ogre
    88 | D:4      | Gained mutation: You regenerate health from kills. [demonic ancestry]
    88 | D:4      | Reached XP level 4. HP: 31/36 MP: 4/4
    92 | D:4      | Found a white marble altar of Elyvilon.
   126 | D:3      | Noticed Terence
   127 | D:3      | Noticed ololoev's ghost (weakling DsFi)
   134 | D:3      | Gained mutation: You sometimes gain a little power by taking damage. [demonic ancestry]
   134 | D:3      | Reached XP level 5. HP: 31/42 MP: 5/5
   139 | D:3      | Killed Terence
   147 | D:4      | Noticed an ogre
   201 | D:4      | Killed an ogre
   201 | D:4      | Reached skill level 4 in Fighting
   232 | D:5      | Entered Level 5 of the Dungeon
   236 | D:5      | Noticed a phantom
   241 | D:5      | Noticed a centaur
   246 | D:5      | Killed a centaur
   246 | D:5      | Reached XP level 6. HP: 28/48 MP: 6/6
   300 | D:5      | Killed a phantom
   300 | D:5      | Reached skill level 5 in Axes
   329 | D:7      | HP: 1/49 [ogre/giant club (22)]
   330 | D:7      | Slain by an iguana

Dungeon Overview and Level Annotations

Branches:
Dungeon (7/15)
 Temple: D:4-7

Altars:
Elyvilon
Xom
Yredelemnul
Zin

Annotations:
D:3 ololoev's ghost, weakling DsFi


Message History

Found a scale mail.
There is a stone staircase leading down here.
You climb downwards.
There is a stone staircase leading up here.
A giant cockroach zombie comes into view.
Found a stone staircase leading down.
You hit the giant cockroach zombie. You kick the giant cockroach zombie.
You block the giant cockroach zombie's attack.
You slash the giant cockroach zombie!
You destroy the giant cockroach zombie!
Found a stone staircase leading down.
There is a stone staircase leading down here.
You climb downwards.
An ogre comes into view. It is wielding a giant club.
The ogre shouts!
There is a stone staircase leading up here.
Found a scroll labeled UFEPOH AMULY.
The ogre misses you.
Found a chain mail.
Found a stone staircase leading up.
An iguana comes into view.
The iguana hisses angrily.
You slash the ogre!
The ogre is heavily wounded.
You feel a little less mighty now. The ogre barely misses you.
You hit the ogre. Your kick misses the ogre.
The ogre is severely wounded.
The ogre hits you with a giant club!!
Ouch! That really hurt!
You barely miss the ogre.
The ogre is severely wounded.
You feel less regenerative. The ogre hits you with a giant club!!
The ogre hits you but does no damage.
Your shield and scale mail prevent you from hitting the ogre.
You kick the ogre, but do no damage.
The ogre is severely wounded.
You hit the iguana.
The iguana is moderately wounded.
The iguana bites you.
You die...

You could see an ogre and an iguana.

Vanquished Creatures
  A phantom (D:5)
  2 ogres (D:4)
  A centaur (D:5)
  3 hounds
  Terence (D:3)
  An adder (D:3)
  2 giant geckos (D:4)
  An orc (D:3)
  4 goblins (D:3)
  A hobgoblin (D:2)
  2 kobolds
  A giant cockroach (D:2)
  A giant cockroach zombie (D:6)
  A rat (D:2)
22 creatures vanquished.

Action                   |  1- 3 |  4- 6 || total
-------------------------+-------+-------++-------
Melee: War axe           |    19 |    73 ||    92
  Use: Potion            |     1 |       ||     1

Vault maps used:
D:1:      minmay_arrival_split_and_join
D:2:      grunt_temple_overflow_order_and_chaos_1, marbit_many_paths,
          cheibriados_altar_wand_db, old_standard_altar,
          nicolae_overflow_crystal_walls, serial_corexii_hall,
          corexii_hall_statues_x, corexii_hall_statues_i,
          corexii_hall_statues_x, minivault_11, nrook_mini_backslash
D:3:      lemuel_round_altar, eino_curves_01, minmay_rat_hole, uniq_terence
D:4:      lemuel_doored_altar, dk_noncrumbling_2
D:5:      first_bread
D:6:      minmay_temple_entry_enclosed_plants, fedhas_bush_and_centaur_altar,
          uniq_grinder
